AoeStats
← bailey

African Clearing

510468942Analyzed
4v4 RM · 7h ago on Oct 1, 2026· 39m 23s· 8 players
Game mode
Random Map
Map size
Large (8 player)
Population
200
Speed
Normal
Resources
Standard
Victory
Conquest
Starting age
Dark Age
Ending age
Imperial Age
RankedLock teamsTeams togetherTeam positionsShared explorationLock speedFull tech treeHidden civsTurbo modeCheats
Victory
Defeat
🇲🇽 Bulgarians · Mexico
1424
+12
🇲🇽 Malians · Mexico
1400
+13
🇲🇽 Persians · Mexico
1377
+14
🇨🇳 Burmese · China
1329
+16
🇺🇸 Dravidians · United States
1357
-15
🇲🇽 Mongols · Mexico
1328
-14
🇨🇳 Burgundians · China
1323
-13
🇺🇸 Jurchens · United States
1318
-13
FOX
5:08 Loom
14:07 Feudal Age
18:20 Castle Age
16:18 Double-Bit Axe
20:29 Fletching
23:01 Scale Barding Armor
23:02 Padded Archer Armor
treehugger
6:32 Loom
12:59 Feudal Age
16:43 Castle Age
14:58 Double-Bit Axe
14:58 Horse Collar
17:58 Bow Saw
20:57 Heavy Plow
20:56 Stone Mining
22:52 Wheelbarrow
26:07 Fletching
26:44 Bodkin Arrow
28:19 Hand Cart
29:18 Gold Mining
30:12 Ballistics
33:40 Imperial Age
31:12 Padded Archer Armor
31:56 Medical Corps
32:31 Leather Archer Armor
33:30 Town Watch
35:34 Chemistry
2110316511
8:42 Double-Bit Axe
12:16 Feudal Age
12:02 Loom
14:15 Bow Saw
19:26 Horse Collar
26:54 Castle Age
28:58 Scale Barding Armor
29:03 Forging
38:06 Wheelbarrow
39:35 Hand Cart
bailey
13:35 Feudal Age
17:36 Castle Age
15:41 Double-Bit Axe
16:48 Loom
18:46 Bow Saw
19:35 Scale Barding Armor
23:01 Horse Collar
25:09 Husbandry
26:42 Bloodlines
27:23 Forging
28:39 Heavy Plow
30:32 Chain Barding Armor
30:14 Fletching
32:52 Iron Casting
32:41 Bodkin Arrow
40:23 Imperial Age
utenrreyra
5:46 Loom
12:20 Feudal Age
19:16 Double-Bit Axe
20:48 Horse Collar
25:30 Castle Age
24:10 Bloodlines
26:30 Fletching
27:05 Bodkin Arrow
29:36 Bow Saw
35:27 Gold Mining
35:28 Stone Mining
[A2PL]TheOne
11:46 Feudal Age
12:36 Feudal Age
12:52 Feudal Age
16:52 Castle Age
14:53 Double-Bit Axe
15:05 Gold Mining
15:23 Stone Mining
16:06 Horse Collar
18:12 Bow Saw
18:45 Gold Shaft Mining
18:24 Heavy Plow
21:17 Loom
21:33 Town Watch
22:32 Scale Mail Armor
24:07 Forging
26:24 Wheelbarrow
26:22 Chain Mail Armor
32:24 Imperial Age
31:22 Iron Casting
31:23 Fletching
32:10 Bodkin Arrow
32:58 Masonry
34:09 Chemistry
33:44 Plate Mail Armor
33:37 Conscription
35:01 Architecture
35:15 Hoardings
35:16 Elite Gbeto
37:36 Squires
37:22 Arson
DiegoAzul10
5:34 Loom
15:16 Feudal Age
18:49 Castle Age
18:01 Double-Bit Axe
18:29 Stone Mining
18:31 Gold Mining
19:47 Wheelbarrow
19:41 Bow Saw
21:36 Scale Barding Armor
21:41 Forging
22:10 Horse Collar
24:24 Heavy Plow
26:26 Bloodlines
28:36 Chain Barding Armor
30:00 Husbandry
30:48 Squires
30:35 Arson
31:53 Scale Mail Armor
32:28 Iron Casting
34:08 Chain Mail Armor
36:20 Stone Shaft Mining
36:20 Gold Shaft Mining
36:15 Fletching
36:39 Bodkin Arrow
37:01 Hand Cart
36:32 Town Watch
39:57 Ballistics
630406632
11:08 Loom
13:12 Feudal Age
18:50 Castle Age
18:16 Horse Collar
23:09 Scale Barding Armor
23:15 Forging
25:25 Wheelbarrow
25:31 Husbandry
28:37 Bloodlines
28:41 Stone Mining
29:22 Town Watch
30:12 Gold Mining
32:18 Iron Casting
32:59 Gold Shaft Mining
33:51 Hand Cart
34:19 Chain Barding Armor
36:03 Manipur Cavalry
36:18 Fletching
39:27 Imperial Age
39:03 Bodkin Arrow
39:45 Town Patrol
Connection lost

Rejoining the realm…

Still unreachable

The connection could not be restored.

Session expired

The server has moved on; the page needs a fresh start.